AoeStats
← LWwcnm

Black Forest

510183393Analyzed
4v4 RM · 18h ago on Sep 29, 2026· 41m 12s· 8 players
Game mode
Random Map
Map size
Large (8 player)
Population
200
Speed
Normal
Resources
Standard
Victory
Conquest
Starting age
Dark Age
Ending age
Imperial Age
RankedLock teamsTeams togetherTeam positionsShared explorationLock speedFull tech treeHidden civsTurbo modeCheats
Victory
Defeat
🇩🇪 Hindustanis · Germany
1071
+13
🇪🇸 Spanish · Spain
1061
+14
🇦🇲 Bulgarians · Armenia
983
+17
🇹🇷 Maya · Türkiye
979
+16
🇯🇵 Danes · Japan
1016
-16
🇨🇦 Varangians · Canada
1009
-15
🇨🇱 Britons · Chile
1003
-15
🇹🇷 Turks · Türkiye
985
-14
John
1:55 Loom
11:10 Feudal Age
12:50 Double-Bit Axe
19:01 Castle Age
20:43 Bow Saw
20:30 Fishing Lines
21:00 Horse Collar
21:13 Gold Mining
25:17 Wheelbarrow
27:20 Imperial Age
24:42 Gambesons
24:57 Squires
25:21 Gillnets
26:14 Forging
26:04 Scale Mail Armor
27:34 Hand Cart
28:42 Fervor
30:11 Scale Mail Armor
31:18 Heavy Plow
32:12 Conscription
32:30 Arson
33:24 Iron Casting
33:18 Ballistics
35:05 Two-Man Saw
34:56 Chain Mail Armor
34:43 Pikeman
35:57 Stone Mining
38:05 Fletching
40:03 Halberdier
41:34 Theocracy
41:13 Padded Archer Armor
Bakumian
10:08 Feudal Age
14:10 Double-Bit Axe
18:15 Fletching
19:08 Wheelbarrow
22:10 Castle Age
20:38 Padded Archer Armor
21:10 Stone Mining
21:25 Loom
22:50 Crossbowman
24:05 Horse Collar
26:57 Gold Mining
27:19 Heavy Plow
29:07 Hand Cart
LWwcnm
10:50 Feudal Age
11:19 Horse Collar
16:45 Castle Age
15:05 Double-Bit Axe
15:55 Gold Mining
19:23 Fishing Lines
19:56 Gillnets
20:25 Bow Saw
20:57 Wheelbarrow
21:39 Stone Mining
27:05 Hand Cart
27:48 Heavy Plow
28:43 Scale Mail Armor
28:53 Forging
31:20 Imperial Age
29:20 Squires
28:45 Hamask
29:30 Gambesons
sehremini
0:38 Loom
14:03 Feudal Age
15:52 Wheelbarrow
20:40 Castle Age
19:08 Double-Bit Axe
19:57 Stone Mining
20:30 Fletching
20:40 Padded Archer Armor
20:31 Horse Collar
21:43 Fishing Lines
22:00 Town Watch
24:55 Hand Cart
I Chris I4718
0:52 Loom
13:46 Feudal Age
18:13 Castle Age
27:21 Scale Mail Armor
36:32 Wheelbarrow
36:26 Forging
36:33 Chain Mail Armor
37:18 Double-Bit Axe
38:45 Hand Cart
41:14 Imperial Age
39:32 Iron Casting
40:26 Squires
40:11 Arson
oDiN_ZeLot
12:24 Feudal Age
11:32 Loom
13:46 Double-Bit Axe
15:05 Horse Collar
20:32 Castle Age
18:48 Stone Mining
18:48 Gold Mining
19:31 Scale Barding Armor
21:46 Bow Saw
21:38 Heavy Plow
23:18 Wheelbarrow
26:53 Chain Barding Armor
29:08 Caravan
33:36 Imperial Age
30:56 Town Watch
32:36 Husbandry
32:47 Bloodlines
35:02 Conscription
34:04 Elite Conquistador
35:27 Plate Barding Armor
36:03 Two-Man Saw
35:46 Town Patrol
36:02 Hand Cart
37:50 Padded Archer Armor
37:40 Fletching
39:32 Leather Archer Armor
39:12 Bodkin Arrow
40:22 Chemistry
39:42 Ballistics
39:08 Arrowslits
40:37 Masonry
41:01 Cavalier
g.mag
0:35 Loom
14:02 Feudal Age
18:03 Fishing Lines
21:16 Castle Age
24:53 Double-Bit Axe
24:49 Horse Collar
25:01 Gold Mining
25:02 Stone Mining
26:29 Gillnets
26:36 Gillnets
30:26 Caravan
31:22 Forging
31:14 Scale Mail Armor
31:20 Scale Barding Armor
35:44 Imperial Age
35:20 Iron Casting
35:01 Chain Mail Armor
37:26 Blast Furnace
36:57 Plate Mail Armor
36:48 Chain Barding Armor
36:32 Bagains
37:06 Elite Konnik
39:30 Plate Barding Armor
Jewish MasterMind
0:34 Loom
12:41 Feudal Age
16:36 Castle Age
15:49 Double-Bit Axe
15:55 Horse Collar
17:40 Bow Saw
17:52 Fishing Lines
19:11 Stone Mining
19:48 Gillnets
20:40 Fletching
21:36 Wheelbarrow
20:48 Town Watch
22:55 Heavy Plow
23:34 Hand Cart
23:45 Bodkin Arrow
28:12 Padded Archer Armor
29:12 Leather Archer Armor
34:37 Imperial Age
32:46 Gold Mining
33:38 Stone Shaft Mining
33:23 Town Patrol
35:41 Conscription
34:41 Elite Plumed Archer
35:32 Capped Ram
36:36 Bracer
37:07 Ring Archer Armor
37:59 Two-Man Saw
37:32 Crop Rotation
36:51 Sappers
38:20 Siege Ram
40:27 Ballistics
41:07 Chemistry
40:13 Murder Holes
40:00 Treadmill Crane
40:50 Treadmill Crane
41:08 Murder Holes
41:23 Masonry
Connection lost

Rejoining the realm…

Still unreachable

The connection could not be restored.

Session expired

The server has moved on; the page needs a fresh start.